 Dungeon Crawl Stone Soup version 0.30-a0-782-ge64f9170bb (webtiles) character file.

Game seed: 15307209562550110909

59 Crownlay the Poker (level 3, -10/31 HPs)
             Began as a Minotaur Gladiator on Feb 28, 2023.
             Killed by divine providence
             ... invoked by an orc priest
              (16 damage)
             ... on level 4 of the Dungeon.
             The game lasted 00:02:35 (884 turns).

Crownlay the Poker (Minotaur Gladiator)              Turns: 884, Time: 00:02:36

Health: -10/31     AC:  9    Str: 18    XL:     3   Next: 78%
Magic:  2/2        EV: 10    Int:  7    God:
Gold:   72         SH:  0    Dex: 11    Spells: 2/2 levels left

rFire   . . .      SeeInvis .    a - +0 trident
rCold   . . .      Faith    .    (no shield)
rNeg    . . .      Spirit   .    i - +0 scale mail
rPois   .          Reflect  .    c - +0 hat
rElec   .          Harm     .    h - +1 cloak
rCorr   .          Rampage  .    m - +0 pair of gloves
Will    .....                    (no boots) Stlth
                                 (no amulet)
HPRegen 0.25/turn                (no ring)
MPRegen 0.08/turn                (no ring)

@: no status effects
A: horns 2, retaliatory headbutt
a: no special abilities


You were on level 4 of the Dungeon.
You visited 1 branch of the dungeon, and saw 3 of its levels.

You collected 72 gold pieces.

Inventory:

Hand Weapons
 a - a +0 trident (weapon)
Missiles
 d - 2 throwing nets (quivered)
 e - a javelin
Armour
 c - a +0 hat (worn)
 h - a +1 cloak (worn)
 i - a +0 scale mail (worn)
 m - a +0 pair of gloves (worn)
Scrolls
 f - a scroll of enchant weapon {unknown}
 g - a scroll of blinking {unknown}
 j - 2 scrolls of identify {unknown}
 n - a scroll of teleportation {unknown}
 p - a scroll of immolation {unknown}
 q - a scroll of vulnerability {unknown}
 r - a scroll of brand weapon {unknown}
Potions
 b - a potion of mutation {unknown}
 k - 3 potions of haste {unknown}
 l - a potion of brilliance {unknown}
 o - 4 potions of curing {unknown}
 s - a potion of flight {unknown}
 t - 2 potions of ambrosia {unknown}


   Skills:
 + Level 3.1 Fighting
 * Level 4.5 Polearms
 - Level 2.0 Throwing
 + Level 1.6 Armour
 + Level 3.7 Dodging


You had 2 spell levels left.
You didn't know any spells.
Your spell library contained the following spells:

 Spells                   Type           Power      Damage    Failure   Level
 Ignite Poison            Fire/Tmut/Pois 0%         N/A       99%         3
 Kindle Blastsparks       Fire/Tloc/Air  0%         2d10      99%         3
 Freezing Cloud           Conj/Ice/Air   0%         6-21      100%        5


Dungeon Overview and Level Annotations

Branches:
Dungeon (2/15)

Altars:


Innate Abilities, Weirdness & Mutations

You have a pair of horns on your head.
You reflexively headbutt those who attack you in melee.


Message History

You kill the orc!
You closely miss the phantom. The phantom hits you.
The phantom blinks!
You blink.
You hit the phantom.
The phantom is lightly damaged.
The phantom completely misses you.
The orc priest calls down the wrath of Beogh upon you.
Beogh smites you!
You hit the phantom but do no damage.
The phantom is lightly damaged.
The phantom barely misses you.
The orc priest looks satisfied for a moment.
You closely miss the phantom. You headbutt the phantom.
The phantom is moderately damaged.
The phantom hits you but does no damage.
The orc priest invokes the aid of Beogh against you.
Beogh smites you!
* * * LOW HITPOINT WARNING * * *
The orc priest hits you with a +0 dagger.
* * * LOW HITPOINT WARNING * * *
You are too injured to fight recklessly!
You are too injured to fight recklessly!
You are too injured to fight recklessly!
You are too injured to fight recklessly!
You are too injured to fight recklessly!
You are too injured to fight recklessly!
You are too injured to fight recklessly!
You hit the orc priest but do no damage.
You punch the orc priest.
The orc priest is moderately wounded.
The phantom hits you.
* * * LOW HITPOINT WARNING * * *
The phantom blinks!
You blink.
The orc priest closely misses you. You furiously retaliate!
You headbutt the orc priest! You puncture the orc priest!
You kill the orc priest!
The orc priest calls down the wrath of Beogh upon you.
Beogh smites you!
Ouch! That really hurt!
You die...

....... #.... #...#
###..#####
#...).##.#
#..#...##.### # ....
#.)......#
....#####.....######
#..#.#W@......#..#
#.!..|.)o........##
#+++###.#.ยง.......#
#########.### ###


You could see a phantom and an orc priest.

Vanquished Creatures
  An orc priest (D:4)
  Natasha (D:2)
  3 orcs (D:4)
  3 ball pythons
  4 endoplasms
  2 goblins
  3 hobgoblins (D:1)
  4 jackals (D:2)
  A bat (D:2)
  A frilled lizard (D:1)
  4 kobolds (D:1)
  3 rats
30 creatures vanquished.

Notes
Turn   | Place    | Note
-------+----------+-------------------------------------------
     0 | D:1      | Crownlay the Minotaur Gladiator began the quest for the
                  | Orb.
     0 | D:1      | Reached XP level 1. HP: 18/18 MP: 0/0
   113 | D:1      | Noticed a shining eye
   115 | D:1      | Found a faded altar of an unknown god.
   122 | D:1      | Noticed a shining eye
   122 | D:1      | Noticed a floating eye
   122 | D:1      | Noticed an eye of devastation
   186 | D:1      | Reached XP level 2. HP: 25/25 MP: 1/1
   266 | D:1      | Reached skill level 4 in Polearms
   657 | D:2      | Reached skill level 1 in Armour
   746 | D:2      | Noticed Natasha
   756 | D:2      | Reached XP level 3. HP: 28/30 MP: 2/2
   761 | D:2      | Killed Natasha
   840 | D:2      | You fall into a shaft and drop 2 floors!
   865 | D:4      | Noticed a phantom
   884 | D:4      | Killed from afar by an orc priest

Illustrated notes

Levels and vault maps discovered:
D:1:      elethiomel_arrival_maze, layout_basic,
          hellmonk_ecumenical_altar_watching_god
D:2:      layout_basic, serial_park_tiny_2, uniq_natasha
D:4:      layout_cave_pools, temple_fountains, serial_shops, shop,
          kennysheep_cluttered_room

Skill      XL: |  1  2  3 |
---------------+----------+-----
Polearms       | 4 |  4.5
Armour         | 1 |  1.6
Fighting       | 3 |  3.1
Throwing       | |  2.0
Dodging        | |  3.7

Action                     || total
---------------------------++-------
  Melee: Trident           ||    62
         Headbutt          ||     8
         Punch             ||     2
  Throw: Throwing net      ||     2
 Armour: Leather armour    ||     5
         Scale mail        ||    22
  Dodge: Dodged            ||    21

Table legend: (Time is in decaauts)
 A = Elapsed time spent in this place.
 B = Non-inter-level travel time spent in this place.
 C = Inter-level travel time spent in this place.
 D = Time resting spent in this place.
 E = Time spent auto-exploring this place.
 F = Levels seen in this place.
 G = Mean time per level.
                   A        B        C        D        E       F      G
               +--------+--------+--------+--------+--------+-----+--------+
         Total |    899 |    850 |     49 |      0 |    653 |   3 |  299.7 |
       Dungeon |    899 |    850 |     49 |      0 |    653 |   3 |  299.7 |
               +--------+--------+--------+--------+--------+-----+--------+

Top non-repeatable levels by time:
     D:1: 638 daAuts
     D:2: 215 daAuts
     D:4: 44 daAuts
